Map: World of Sleepers LE

Players

llllllllllll (Trap)

  • Race: Protoss Protoss
  • League: Master
  • Spawn Location: 1:00

Zest - Winner!

  • Race: Protoss Protoss
  • League: Master
  • Spawn Location: 7:00

VOD

Have the link to the VOD?

Description

Time

  • Played on: Jan. 7, 2020, 9:30 p.m.
  • Length: 8:14
Show
View Real Time Build Order
Export as new Build Order

llllllllllll Protoss 

Build Orders:  

Get SALT Encoding   

  12  0:00  Probe  
  13  0:12  Probe  
  14  0:18  Pylon  
  14  0:24  Probe (Chrono Boost)  
  15  0:36  Probe (Chrono Boost), Gateway  
  16  0:45  Probe (Chrono Boost)  
  16  0:47  Assimilator  
  17  0:51  Probe  
  17  0:54  Assimilator  
  18  1:03  Probe (Chrono Boost)  
  19  1:08  Gateway  
  19  1:13  Probe (Chrono Boost)  
  19  1:18  Probe (Chrono Boost)  
  20  1:23  Cybernetics Core  
  21  1:29  Probe  
  22  1:35  Pylon  
  22  1:42  Probe  
  23  1:54  Probe  
  23  2:00  Warp Gate, Robotics Facility  
  24  2:02  Stalker  
  26  2:09  Stalker  
  28  2:21  Pylon  
  28  2:32  Stalker  
  30  2:41  Shield Battery  
  32  2:48  Immortal (Chrono Boost)  
  34  2:57  Stalker  
  35  3:12  Pylon  
  35  3:17  Pylon  
  35  3:18  Warp Prism (Chrono Boost)  
  37  3:48  Stalker x2  
  41  3:59  Stargate  
  41  4:03  Immortal  
  45  4:10  Pylon  
  45  4:16  Sentry  
  47  4:38  Adept  
  49  4:44  Phoenix (Chrono Boost)  
  51  4:52  Stalker  
  53  4:55  Pylon  
  53  5:04  Pylon  
  53  5:06  Phoenix (Chrono Boost)  
  55  5:24  Phoenix  
  57  5:39  Nexus  
  57  5:41  Pylon  
  57  5:59  Phoenix  
  57  6:01  Sentry  
  62  6:04  Gateway  
  62  6:08  Pylon  
  61  6:20  Observer (Chrono Boost)  
  61  6:23  Probe  
  63  6:30  Phoenix  
  65  6:34  Zealot x2  
  69  6:56  Stalker x2  
  69  6:58  Stalker  
  57  7:24  Stalker x2  
  57  7:25  Zealot  
  57  7:44  Stalker  
  57  7:46  Stalker x2  
  45  8:00  Stalker  
  45  8:05  Zealot x2  
Show
View Real Time Build Order
Export as new Build Order

Zest Protoss - Winner!

Build Orders: Oracle Opening, Colossus Rush 

Get SALT Encoding   

  12  0:00  Probe  
  13  0:13  Probe  
  14  0:17  Pylon  
  14  0:25  Probe (Chrono Boost)  
  15  0:37  Probe (Chrono Boost), Gateway  
  16  0:44  Probe (Chrono Boost)  
  16  0:46  Assimilator  
  17  0:51  Probe  
  17  0:54  Assimilator  
  18  1:03  Probe (Chrono Boost)  
  19  1:08  Gateway  
  19  1:12  Probe (Chrono Boost)  
  19  1:17  Probe (Chrono Boost)  
  20  1:24  Cybernetics Core  
  21  1:29  Probe  
  22  1:34  Pylon  
  22  1:42  Probe  
  23  1:54  Probe  
  24  2:00  Stargate  
  24  2:01  Warp Gate (Chrono Boost)  
  24  2:11  Stalker  
  26  2:20  Stalker  
  28  2:24  Pylon  
  28  2:28  Probe  
  29  2:45  Oracle (Chrono Boost)  
  32  3:04  Nexus  
  32  3:12  Robotics Facility  
  32  3:14  Shield Battery  
  32  3:22  Pylon  
  32  3:44  Stalker x2  
  36  3:52  Pylon  
  36  4:01  Gateway  
  36  4:04  Pylon  
  36  4:08  Immortal (Chrono Boost)  
  40  4:26  Robotics Bay  
  40  4:27  Gateway  
  40  4:32  Zealot  
  42  4:41  Immortal  
  46  4:46  Pylon  
  46  5:01  Gateway  
  46  5:07  Sentry  
  46  5:22  Colossus (Chrono Boost)  
  51  5:36  Pylon  
  51  5:47  Sentry, Zealot x2  
  57  5:52  Pylon  
  57  6:05  Sentry  
  57  6:09  Warp Prism  
  61  6:17  Zealot  
  61  6:18  Zealot  
  65  6:27  Sentry  
  65  6:32  Zealot  
  69  6:38  Adept  
  69  6:39  Adept  
  72  7:07  Stalker  
  72  7:08  Stalker x2  
  78  7:11  Stalker  
  72  7:28  Warp Prism (Chrono Boost)  
  74  7:41  Adept x2  
Tags
 
Add a new tag
Caveats
  • Supply blocks, unpowered buildings, or Contaminate may cause inaccurate times.
  • Supply counts are checked every 10 seconds.